 Dungeon Crawl Stone Soup version 0.24-a0-725-gf1a930fc54 (webtiles) character file.

Game seed: 13766560274275856227, levelgen mode: deterministic

14553 MisterOstroum the Archer (level 11, -2/101 HPs)
             Began as a Centaur Monk on Oct 1, 2019.
             Was a High Priest of Trog.
             Slain by Sonja
             ... wielding a +1 dagger of distortion
              (8 damage)
             ... on level 1 of the Lair of Beasts.
             The game lasted 00:34:43 (18437 turns).

MisterOstroum the Archer (Centaur Monk)            Turns: 18437, Time: 00:34:44

Health: -2/101     AC: 12    Str: 17    XL:     11   Next: 90%
Magic:  11/11      EV: 10    Int:  9    God:    Trog [*****.]
Gold:   555        SH:  0    Dex: 12    Spells: 10/10 levels left

rFire    . . .     SeeInvis .   b - +0 shortbow
rCold    . . .     Gourm    .   (shield currently unavailable)
rNeg     . . .     Faith    .   s - +0 ring mail
rPois    .         Spirit   .   (no helmet)
rElec    .         Reflect  .   D - +1 cloak (curse)
rCorr    .         Harm     .   i - +2 pair of gloves
MR       .....                  (no barding)
Stlth    +.........             L - amulet of magic regeneration
HPRegen  0.26/turn              (no ring)
MPRegen  0.37/turn              (no ring)

@: about to teleport, slowed
A: large, hooves 3, deformed body, speed 2, tough skin 3
a: Berserk, Trog's Hand, Brothers in Arms, Renounce Religion


You were on level 1 of the Lair of Beasts.
You worshipped Trog.
Trog was extremely pleased with you.
You were not hungry.

You visited 3 branches of the dungeon, and saw 14 of its levels.
You also visited: Bailey.

You collected 709 gold pieces.
You spent 154 gold pieces at shops.

Inventory:

Hand Weapons
 a - a +0 glaive
 b - a +0 shortbow (weapon)
 f - a +1 antimagic spear
 w - a +1 spear of freezing
Missiles
 g - 376 stones
 v - 29 arrows (quivered)
 M - 4 throwing nets {!f}
Armour
 h - a +0 plate armour
 i - a +2 pair of gloves (worn)
 s - a +0 ring mail (worn)
 y - a +0 robe
 D - a cursed +1 cloak (worn)
Jewellery
 F - the ring of Kiomoadd {*Tele rC- rN++ Dex+3, unknown}
   (You found it on level 10 of the Dungeon)

   [ring of teleportation]

   It may teleport you next to monsters.
   It affects your dexterity (+3).
   It makes you vulnerable to cold.
   It greatly protects you from negative energy.
 L - an amulet of magic regeneration (around neck)
Wands
 z - a wand of paralysis (9)
 O - a wand of random effects (15)
Scrolls
 c - a scroll of noise {unknown}
 d - 2 scrolls of immolation
 k - 9 scrolls of remove curse {@r2}
 l - a scroll of brand weapon {unknown}
 m - a scroll of torment {unknown}
 n - 2 scrolls of blinking {@r4}
 t - a scroll of vulnerability
 x - 2 scrolls of enchant armour
 A - 2 scrolls of fear {unknown}
 H - a scroll of enchant weapon
 P - 4 scrolls of identify {@r1}
Potions
 j - a potion of ambrosia {unknown}
 o - a potion of invisibility
 p - 3 potions of flight
 q - 5 potions of curing {@q1 !q}
 r - a potion of resistance
 u - 3 potions of lignification
 B - 2 potions of might {@q3 !q}
 C - 2 potions of mutation
 I - a potion of haste {@q4 !q}
 J - a potion of magic
 K - a potion of berserk rage
 Q - 2 potions of cancellation {unknown}
 R - 3 potions of agility {@q5 !q}
Miscellaneous
 N - a sack of spiders
Comestibles
 e - 16 rations
 G - 8 chunks of flesh


   Skills:
 + Level 10.6 Fighting
 * Level 7.3 Polearms
 + Level 14.7 Bows
 * Level 5.0 Armour
 * Level 4.9 Dodging
 - Level 1.1 Stealth


You had 10 spell levels left.
You didn't know any spells.
Your spell library was empty.

Dungeon Overview and Level Annotations

Branches:
Dungeon (12/15)            Temple (1/1) D:7            Lair (1/6) D:8
    Orc (0/2) D:10         Bailey (visited)

Altars:
Cheibriados
Gozag
Qazlal
Ru
Trog
Uskayaw
Wu Jian
The Shining One

Shops:
D:7 ?:*

Annotations:
Lair:1 Sonja


Innate Abilities, Weirdness & Mutations

You have hooves in place of feet.
Armour fits poorly on your strangely shaped body.
You cover ground very quickly.
You have extremely tough skin. (AC +3)


Message History

You have difficulty breathing.
You feel yourself slow down.
You see here a curare-tipped dart.
Firing (i - inventory. (/) - cycle)
v - 35 arrows (quivered)
Press: ? - help, Shift-Dir - straight line, f - Sonja
Aim: Sonja, wielding a +1 dagger of distortion
Okay, then.
You feel sick.
Firing (i - inventory. (/) - cycle)
v - 35 arrows (quivered)
Press: ? - help, Shift-Dir - straight line, f - Sonja
Aim: Sonja, wielding a +1 dagger of distortion You shoot an arrow.
The arrow hits Sonja!!
Sonja is severely wounded.
You feel sick.
Sonja throws a curare-tipped dart.
The curare-tipped dart hits you.
You are more poisoned.
You have difficulty breathing.
You feel as though you will be slow longer.
Firing (i - inventory. (/) - cycle)
v - 34 arrows (quivered)
Press: ? - help, Shift-Dir - straight line, f/p - Sonja
Aim: Sonja, wielding a +1 dagger of distortion (severely wounded)
You shoot an arrow. The arrow completely misses Sonja.
You feel sick.
Sonja throws a curare-tipped dart.
The curare-tipped dart hits you.
You are more poisoned.
You have difficulty breathing.
You feel as though you will be slow longer.
Firing (i - inventory. (/) - cycle)
v - 33 arrows (quivered)
Press: ? - help, Shift-Dir - straight line, f/p - Sonja
Aim: Sonja, wielding a +1 dagger of distortion (severely wounded)
You shoot an arrow. The arrow misses Sonja.
You feel very sick.
Sonja drinks a potion.
Sonja is healed!
Sonja throws a curare-tipped dart.
The curare-tipped dart hits you.
You are more poisoned.
You have difficulty breathing.
You feel as though you will be slow longer.
Firing (i - inventory. (/) - cycle)
v - 32 arrows (quivered)
Press: ? - help, Shift-Dir - straight line, f/p - Sonja
Aim: Sonja, wielding a +1 dagger of distortion (heavily wounded)
You shoot an arrow. The arrow closely misses Sonja.
You feel very sick.
Sonja throws a curare-tipped dart.
The curare-tipped dart barely misses you.
Firing (i - inventory. (/) - cycle)
v - 31 arrows (quivered)
Press: ? - help, Shift-Dir - straight line, f/p - Sonja
Aim: Sonja, wielding a +1 dagger of distortion (heavily wounded)
You shoot an arrow. The arrow hits Sonja.
Sonja is heavily wounded.
You feel very sick.
Sonja throws a curare-tipped dart.
The curare-tipped dart hits you.
You are lethally poisoned!
You have difficulty breathing.
You feel as though you will be slow longer.
Okay, then.
Unknown command.
Okay, then.
Unknown command.
Firing (i - inventory. (/) - cycle)
v - 30 arrows (quivered)
Press: ? - help, Shift-Dir - straight line, f/p - Sonja
Aim: Sonja, wielding a +1 dagger of distortion (heavily wounded)
Okay, then.
Unknown command.
Firing (i - inventory. (/) - cycle)
v - 30 arrows (quivered)
Press: ? - help, Shift-Dir - straight line, f/p - Sonja
Aim: Sonja, wielding a +1 dagger of distortion (heavily wounded)
You shoot an arrow. The arrow completely misses Sonja.
You feel very sick.
Sonja throws a curare-tipped dart.
The curare-tipped dart barely misses you.
Really quaff
q - 6 potions of curing {@q1 !q}?
You feel better. Sonja hits you but does no damage.
Space warps horribly around you! Sonja hits you but does no damage.
Space bends around you. Sonja hits you but does no damage.
Space bends around you.
* * * LOW HITPOINT WARNING * * *
Sonja hits you with a +1 dagger of distortion.
* * * LOW HITPOINT WARNING * * *
Space warps horribly around you!
* * * LOW HITPOINT WARNING * * *
Sonja misses you. Sonja hits you but does no damage.
You blink.
Wield which item (- for none, * to show all)? (? for menu, Esc to quit)
Okay, then.
You recover from your berserk rage.
You see here 6 arrows.
Sonja says, "I'm academy-trained, you know."
Sonja hits you but does no damage. Space bends around you.
* * * LOW HITPOINT WARNING * * *
Sonja hits you with a +1 dagger of distortion.
* * * LOW HITPOINT WARNING * * *
You blink.
Unknown command.
Unknown command.
Okay, then.
Really read
E - a scroll of teleportation {@r3 !r}?
As you read the scroll of teleportation {@r3 !r}, it crumbles to dust.
You feel strangely unstable. Sonja closely misses you. Sonja barely misses you.
Sonja completely misses you. Sonja hits you but does no damage.
Space warps horribly around you!
* * * LOW HITPOINT WARNING * * *
Sonja hits you but does no damage. Space warps horribly around you!
You die...

...#.####.##.##.(......##...
..............#...(....#P.#.
P#.......##..(........##
#........#.........#.##
##..........###.###.....
###........#(.###(# ####.#
..........#...##.## ###
#........####.....# #
###.#..#.@.#..K#..).#P####
##...###..#K#.#.##........<
..........#...#####.#######
###..........# .# #
.###.....##...### .. #
..>.........### .## #
##.##...##### # . #...# #
#...#####.## #


You could see Sonja.

Vanquished Creatures
  Harold (D:9)
  Erolcha (D:9)
  Urug (Lair:1)
  A deep elf mage (D:11)
  Pikel (D:9)
  An orc knight (Bailey)
  An ugly thing (D:11)
  A gargoyle (D:11)
  2 spiny frogs (Lair:1)
  A komodo dragon (Lair:1)
  3 hippogriffs
  5 yaks (D:8)
  A wraith (D:10)
  A wyvern (D:5)
  A hungry ghost (D:9)
  3 water moccasins
  3 sky beasts
  5 porcupines
  4 ice beasts
  17 orc warriors
  A slave (D:9)
  An eye of draining (D:9)
  A necrophage (D:6)
  7 ogres
  2 phantoms
  5 centaurs
  5 crocodiles
  The ghost of Skallagrim the Conjurer, an amateur DECj (D:3)
  3 bullfrogs
  A water moccasin zombie (D:11)
  17 killer bees
  6 wights
  3 howler monkeys (D:9)
  4 crimson imps
  2 centaur zombies
  6 jellies
  10 hounds
  4 orc priests
  A centaur skeleton (D:5)
  8 orc wizards
  4 bullfrog skeletons
  5 worker ants
  A killer bee zombie (D:7)
  A hound zombie (D:3)
  2 hound skeletons
  14 adders
  8 gnolls
  A howler monkey skeleton (D:5)
  3 shadow imps
  5 oozes (D:8)
  2 adder skeletons (D:6)
  3 worms
  2 dart slugs (D:1)
  4 leopard geckos
  33 orcs
  5 giant cockroaches
  8 goblins
  6 hobgoblins
  11 jackals
  3 quokkas
  3 ball pythons
  6 bats
  7 frilled lizards
  A jackal skeleton (D:4)
  2 kobolds (D:1)
  A leopard gecko skeleton (D:4)
  A quokka skeleton (D:5)
  6 rats
290 creatures vanquished.

Vanquished Creatures (others)
  A black bear (D:9)
  A wight (D:9)
  A hound (D:9)
  2 iguanas (D:9)
  A bush (D:8)
  4 fungi (D:8)
  5 plants (D:8)
15 creatures vanquished.

Grand Total: 305 creatures vanquished

Notes
Turn   | Place    | Note
-------+----------+-------------------------------------------
     0 | D:1      | MisterOstroum the Centaur Monk began the quest for the Orb.
     0 | D:1      | Reached XP level 1. HP: 19/19 MP: 1/1
   438 | D:1      | Reached XP level 2. HP: 26/26 MP: 2/2
   625 | D:1      | Reached skill level 1 in Armour
  1141 | D:2      | Reached XP level 3. HP: 26/31 MP: 3/3
  1321 | D:2      | Found a bloodstained altar of Trog.
  1362 | D:2      | Became a worshipper of Trog the Wrathful
  1362 | D:2      | Reached * piety under Trog
  1362 | D:2      | Reached ** piety under Trog
  1792 | D:2      | Reached XP level 4. HP: 31/38 MP: 4/4
  2296 | D:3      | Found a runed translucent door.
  2317 | D:3      | Noticed Skallagrim's ghost (amateur DECj)
  2424 | D:3      | Killed Skallagrim's ghost
  2424 | D:3      | Reached XP level 5. HP: 45/45 MP: 5/5
  2633 | D:3      | Found a hide-covered altar of Uskayaw.
  2975 | D:3      | Found a glowing golden altar of the Shining One.
  3110 | D:3      | Found an opulent altar of Gozag.
  3783 | D:4      | Noticed a centaur
  3785 | D:4      | Noticed an ogre
  3794 | D:4      | Killed a centaur
  3794 | D:4      | Reached XP level 6. HP: 41/52 MP: 6/6
  3799 | D:4      | Reached *** piety under Trog
  4027 | D:4      | Paralysed by an orc wizard for 4 turns
  4032 | D:4      | Reached skill level 1 in Bows
  4280 | D:4      | Reached skill level 5 in Fighting
  4286 | D:4      | Reached skill level 2 in Bows
  4523 | D:4      | Reached skill level 3 in Bows
  4523 | D:4      | Reached XP level 7. HP: 60/61 MP: 7/7
  4608 | D:4      | Reached skill level 4 in Bows
  5177 | D:5      | Entered Level 5 of the Dungeon
  5240 | D:5      | Reached skill level 5 in Bows
  5439 | D:5      | Found a snail-covered altar of Cheibriados.
  5467 | D:5      | Reached **** piety under Trog
  5467 | D:5      | Received a gift from Trog
  5566 | D:5      | Reached skill level 5 in Polearms
  5786 | D:5      | Reached XP level 8. HP: 68/70 MP: 8/8
  5925 | D:5      | Reached skill level 6 in Bows
  6483 | D:5      | Reached skill level 7 in Bows
  6874 | D:6      | Reached skill level 8 in Bows
  7334 | D:6      | Reached skill level 9 in Bows
  7677 | D:6      | You fall into a shaft and drop 1 floor!
  7682 | D:7      | Found Zivveil's Magic Scroll Shop.
  7686 | D:7      | Bought a scroll of teleportation for 42 gold pieces
  7686 | D:7      | Bought a scroll of identify for 28 gold pieces
  7686 | D:7      | Bought a scroll of identify for 28 gold pieces
  7686 | D:7      | Bought a scroll of identify for 28 gold pieces
  7686 | D:7      | Bought a scroll of identify for 28 gold pieces
  7738 | D:7      | Reached XP level 9. HP: 79/79 MP: 9/9
  7828 | D:7      | Found Ojega's General Store.
  7938 | D:7      | Found a staircase to the Ecumenical Temple.
  7962 | D:7      | Found Tengohuose's Book Emporium.
  8098 | D:6      | Reached skill level 10 in Bows
  8387 | D:6      | Found an ornate altar of the Wu Jian Council.
  8943 | D:8      | Reached skill level 11 in Bows
  9034 | D:8      | Found a staircase to the Lair.
  9103 | Temple   | Entered the Ecumenical Temple
  9478 | D:8      | Reached skill level 12 in Bows
  9830 | D:8      | Received a gift from Trog
  9834 | D:8      | Reached XP level 10. HP: 91/91 MP: 3/10
 10209 | D:8      | Reached skill level 13 in Bows
 10450 | D:8      | Received a gift from Trog
 11175 | D:9      | Received a gift from Trog
 11413 | D:9      | Reached skill level 14 in Bows
 11472 | D:9      | Reached ***** piety under Trog
 11479 | D:9      | Reached skill level 10 in Fighting
 11550 | D:9      | Noticed Pikel
 11566 | D:9      | Killed Pikel
 11863 | D:9      | Noticed Erolcha
 11872 | D:9      | Killed Erolcha
 12210 | D:9      | Found a stormy altar of Qazlal.
 12222 | D:9      | Noticed Harold
 12246 | D:9      | Killed Harold
 12246 | D:9      | Reached XP level 11. HP: 100/100 MP: 3/11
 12668 | D:10     | Entered Level 10 of the Dungeon
 12755 | D:10     | Found a flagged portal.
 12773 | Bailey   | Entered a bailey
 14686 | Bailey   | Noticed an orc knight
 14748 | Bailey   | Killed an orc knight
 15511 | D:10     | Found a staircase to the Orcish Mines.
 15513 | D:10     | Got a warped steel ring
 15542 | D:10     | Received a gift from Trog
 15667 | D:10     | Found a sacrificial altar of Ru.
 16327 | D:11     | You fall into a shaft and drop 1 floor!
 16463 | D:11     | Noticed a deep elf mage
 16480 | D:11     | Killed a deep elf mage
 16639 | D:11     | Noticed a brown ugly thing
 16742 | D:11     | Killed a brown ugly thing
 17691 | Lair:1   | Entered Level 1 of the Lair of Beasts
 17828 | Lair:1   | HP: 6/151 [poisoned by a spiny frog]
 17829 | Lair:1   | HP: 1/101 [poisoned by a spiny frog]
 18357 | Lair:1   | Noticed Urug
 18375 | Lair:1   | Killed Urug
 18375 | Lair:1   | Reached skill level 5 in Armour
 18399 | Lair:1   | Noticed Sonja
 18437 | Lair:1   | Slain by Sonja

Levels and vault maps discovered:
D:1:      minmay_arrival_four_circles, layout_basic,
          chequers_serial_rivers_micro_a
D:2:      layout_basic, lightli_temple_of_fire, minmay_tetromino_s2
D:3:      layout_basic, lemuel_crystal_altar, grunt_gozag_breadcrumbs,
          tso_metal_star, ebering_ghost_reflecting_pool, minmay_misc_feat_rows,
          kennysheep_cluttered_room
D:4:      layout_loops_corners, serial_glass, glass_columns_a, glass_columns_a,
          grunt_ministairs_2
D:5:      layout_gridville, nicolae_overflow_crystal_walls, first_ration,
          minmay_fractal_squares_gapless_5
D:6:      wad_crossroads, layout_basic, lemuel_coloured_pillars_altar,
          abandoned_shop
D:7:      layout_basic, minmay_temple_entry_stoned_glass, serial_shops,
          kennysheep_mini_moat, shop, kennysheep_little_box
D:8:      layout_basic, minmay_lair_entry_grove, hangedman_little_slice_of_home
D:9:      layout_loops_ring, nicolae_qazlal_style_of_elements, uniq_erolcha,
          uniq_harold, uniq_pikel
D:10:     layout_roguey, orc_0_dummy, enter_bailey_2, abandoned_shop,
          nicolae_ru_sacrificial_ziggurat
D:11:     layout_loops_ring, minivault_16, minmay_misc_feat_more_columns
D:12:     layout_irregular_city, serial_undead, serial_undead_d,
          serial_undead_b, serial_undead_c, serial_undead_b, serial_undead_f,
          serial_undead_a, serial_undead_e, uniq_fannar, uniq_frances
Temple:   regret_index_temple_generic_petals
Lair:1:   layout_loops_ring, uniq_sonja, uniq_urug

Skill      XL: |  1  2  3  4  5  6  7  8  9 10 11 |
---------------+----------------------------------+-----
Polearms       | 3 4 5 7 |  7.3
Armour         | 1 2 3 5 |  5.0
Fighting       | 4 5 6 7 9 10 | 10.6
Bows           | 3 5 9 12 14 | 14.7
Dodging        | 3 4 |  4.9
Stealth        | |  1.1

Action                   |  1- 3 |  4- 6 |  7- 9 | 10-12 || total
-------------------------+-------+-------+-------+-------++-------
Melee: Spear             |   115 |   202 |   302 |   240 ||   859
       Kick              |    14 |    36 |    86 |    85 ||   221
       Glaive            |       |       |       |    40 ||    40
       Whip              |       |       |       |     6 ||     6
       Halberd           |       |       |       |     3 ||     3
 Fire: Hunting sling     |       |     3 |       |       ||     3
       Shortbow          |       |       |   128 |   515 ||   643
Throw: Stone             |       |       |       |     2 ||     2
Invok: Berserk           |       |     4 |    12 |    13 ||    29
       Trog's Hand       |       |       |       |     2 ||     2
  Use: Scroll            |       |     5 |    11 |     8 ||    24
       Potion            |       |       |       |     2 ||     2
 Stab: Sleeping          |     1 |       |       |       ||     1
  Eat: Chunk             |     2 |     7 |    20 |    23 ||    52
       Ration            |       |     1 |     1 |     5 ||     7
Armor: Plate armour      |    18 |       |       |       ||    18
       Robe              |     5 |       |       |       ||     5
       Chain mail        |     1 |       |       |       ||     1
       Ring mail         |    13 |    72 |   104 |    98 ||   287
Dodge: Dodged            |    26 |    54 |   127 |   123 ||   330

Table legend:
 A = Non-vault XP
 B = Vault XP
 C = Vault XP percentage of total XP
 D = Non-vault monster count
 E = Vault monster count
 F = Vault count percentage of total count
                 A         B        C        D         E       F
            +---------+---------+-------+---------+---------+-------
      Total |   12539 |    8251 |  39.7 |     230 |      60 |  20.7
            +---------+---------+-------+---------+---------+-------
        D:1 |      33 |       0 |   0.0 |      17 |       0 |   0.0
        D:2 |      63 |      15 |  19.2 |      21 |       2 |   8.7
        D:3 |     101 |      96 |  48.7 |      23 |       1 |   4.2
        D:4 |     797 |       3 |   0.4 |      31 |       1 |   3.1
        D:5 |     745 |      41 |   5.2 |      16 |       2 |  11.1
        D:6 |    1139 |      65 |   5.4 |      24 |       3 |  11.1
        D:7 |     694 |     244 |  26.0 |      12 |       2 |  14.3
        D:8 |    1041 |    1839 |  63.9 |      20 |      19 |  48.7
        D:9 |    2227 |    2569 |  53.6 |      30 |       3 |   9.1
       D:10 |    1092 |       0 |   0.0 |      10 |       0 |   0.0
       D:11 |    2575 |       0 |   0.0 |      17 |       0 |   0.0
     Lair:1 |    2032 |     804 |  28.3 |       9 |       1 |  10.0
     Bailey |       0 |    2575 | 100.0 |       0 |      26 | 100.0
            +---------+---------+-------+---------+---------+-------
